 Dungeon Crawl Stone Soup version 0.14-a0-2080-ge317583 (webtiles) character file.

155 Jenx the Poker (level 4, 0/33 HPs)
             Began as a Merfolk Skald on Jan 24, 2014.
             Killed from afar by Terence (5 damage)
             ... with a wand of magic darts
             ... on Level 2 of the Dungeon.
             The game lasted 00:04:00 (1797 turns).

Jenx the Poker (Merfolk Skald)                      Turns: 1797, Time: 00:04:00

HP   0/33        AC  5     Str 12      XL: 4   Next:  9%
MP   2/7         EV 10     Int 12      God:
Gold 92          SH  0     Dex 13      Spells:  3 memorised,  1 level left

rFire  . . .     SeeInvis .     a - +0 spear
rCold  . . .     Clarity  .     b - +0 leather armour
rNeg   . . .     Conserve .     (no shield)
rPois  .         rCorr    .     m - +0 helmet
rElec  .         rRot     .     g - +0 cloak
SustAb . .       Spirit   .     (no gloves)
rMut   .         Warding  .     (no boots)
Saprov . . .     Stasis   .     (no amulet)
MR     .....                    (no ring)
                                (no ring)

@: shrouded, not resistant to hostile enchantments, very unstealthy
A: change form in water, swift swim
a: no special abilities


You were on level 2 of the Dungeon.
You were not hungry.

You visited 1 branch of the dungeon, and saw 2 of its levels.

You collected 92 gold pieces.

Inventory:

Hand weapons
 a - a +0,+0 spear (weapon)
Armour
 b - a +0 leather armour (worn)
 g - a +0 cloak (worn)
 m - a +0 helmet (worn)
Comestibles
 d - a bread ration
 l - an apple
 n - a banana
 p - a choko
Scrolls
 f - 2 scrolls of remove curse {unknown}
 h - a scroll of magic mapping {unknown}
 j - 2 scrolls of identify {unknown}
 k - a scroll of recharging {unknown}
 o - a scroll of teleportation {unknown}
Jewellery
 e - a +5,+6 ring of slaying {unknown}
Potions
 i - 5 potions of curing {unknown}
Books
 c - a book of Battle

   Spells                             Type                      Level
   *Infusion                          Charms                       1
   *Shroud of Golubria                Charms/Translocation         2
   Song of Slaying                    Charms                       2
   *Spectral Weapon                   Hexes/Charms                 3
   Regeneration                       Charms/Necromancy            3


   Skills:
 - Level 2.1 Fighting
 * Level 5.9 Polearms
 - Level 0.6 Armour
 - Level 1.3 Dodging
 - Level 2.0 Spellcasting
 - Level 1.0 Hexes
 - Level 3.2 Charms


You had one spell level left.
You knew the following spells:

 Your Spells              Type           Power        Failure   Level  Hunger
a - Infusion              Chrm           #.....       10%         1    ##.....
b - Shroud of Golubria    Chrm/Tloc      #.........   21%         2    ###....
c - Spectral Weapon       Hex/Chrm       #.......     34%         3    ####...


Dungeon Overview and Level Annotations

Branches:
Dungeon (2/16)

Altars:

Annotations:
D:2 Terence


Message History

Terence comes into view.
He is wielding a morningstar.
Terence shouts!
Terence zaps a wand.
The magic dart hits you!
Terence is nearby!
There is an open door here.
You close the door.
You start resting.
A bat and Terence come into view.
Casting: Shroud of Golubria
Confirm with . or Enter, or press ? or * to list all spells.
Space distorts slightly along a thin shroud covering your body.
Terence zaps a wand.
The magic dart hits you!
Casting: Shroud of Golubria
Confirm with . or Enter, or press ? or * to list all spells.
You draw out your weapon's spirit!
Terence zaps a wand.
The magic dart hits you!
Terence zaps a wand.
The magic dart hits you!
* * * LOW HITPOINT WARNING * * *
Terence zaps a wand.
The magic dart hits you!
You die...

###+#### ##≈≈.≈≈≈## # @
#≈≈....≈≈# .#...
#≈..##..≈####?.r#
####≈.####.@'@b...#
#..'..####(≈#####.#
#.##≈..##..≈#
#.##≈≈....≈≈#
#####.###≈≈≈.≈≈##
#...<...####'###
#.####..###...##
#.####..##.###.#######
#.##......#...#......####


You could see Terence, a bat, a rat (wandering) and a friendly spectral spear.

Vanquished Creatures
  2 adders (D:2)
  A worm (D:2)
  2 giant geckos
  An ooze (D:1)
  A giant cockroach (D:1)
  3 goblins
  6 hobgoblins (D:1)
  6 kobolds
  6 bats (D:1)
  3 giant newts (D:1)
  7 rats
38 creatures vanquished.

Notes
Turn   | Place    | Note
--------------------------------------------------------------
     0 | D:1      | Jenx, the Merfolk Skald, began the quest for the Orb.
     0 | D:1      | Reached XP level 1. HP: 16/16 MP: 3/3
   241 | D:1      | Reached skill level 4 in Polearms
   241 | D:1      | Reached XP level 2. HP: 11/22 MP: 4/4
   393 | D:1      | Learned a level 2 spell: Shroud of Golubria
  1012 | D:1      | Reached XP level 3. HP: 20/27 MP: 6/6
  1055 | D:1      | Learned a level 3 spell: Spectral Weapon
  1063 | D:1      | Reached skill level 5 in Polearms
  1123 | D:1      | HP: 1/27 [ooze (5)]
  1629 | D:2      | Reached skill level 1 in Hexes
  1661 | D:2      | Reached XP level 4. HP: 28/33 MP: 7/7
  1783 | D:2      | Noticed Terence
  1797 | D:2      | Killed from afar by Terence

Action                   |  1- 3 |  4- 6 || total
-------------------------+-------+-------++-------
Melee: Spear             |   186 |     2 ||   188
 Cast: Shroud of Golubri |     5 |     1 ||     6
       Spectral Weapon   |       |     1 ||     1
